 Dungeon Crawl Stone Soup version 0.28.0-47-ge53b351184 (webtiles) character file.

Game seed: 8794579676936379390

869 CryoSword the Ruffian (level 8, -1/67 HPs)
             Began as a Ghoul Monk on May 8, 2022.
             Was an Initiate of Ru.
             Slain by a killer bee zombie (4 damage)
             ... on level 6 of the Dungeon.
             The game lasted 00:07:57 (5468 turns).

CryoSword the Ruffian (Ghoul Monk)                  Turns: 5468, Time: 00:07:57

Health: -1/67      AC:  6    Str: 15    XL:     8   Next: 3%
Magic:  7/7        EV: 11    Int:  7    God:    Ru [......]
Gold:   188        SH:  0    Dex: 11    Spells: 7/7 levels left

rFire   . . .      SeeInvis .     - Unarmed
rCold   + . .      Faith    .   (no shield)
rNeg    + + +      Spirit   .   m - +0 ring mail
rPois   ∞          Reflect  .   e - +0 helmet
rElec   .          Harm     .   (no cloak)
rCorr   .          Rampage  .   (no gloves)
Will    .....                   (no boots)
Stlth   ++........              (no amulet)
HPRegen 0.00/turn               (no ring)
MPRegen 0.10/turn               (no ring)

@: inhibited regen
A: claws 1, cold resistance 1, negative energy resistance 3, inhibited
regeneration, torment resistance 2
a: Renounce Religion


You were on level 6 of the Dungeon.
You worshipped Ru.
Ru was noncommittal.
You visited 2 branches of the dungeon, and saw 7 of its levels.

You collected 188 gold pieces.

Inventory:

Missiles
 i - 5 poisoned darts
 k - 4 boomerangs
Armour
 e - a +0 helmet (worn)
   (You took it off Robin on level 4 of the Dungeon)
 m - a +0 ring mail (worn)
   (You took it off an orc on level 3 of the Dungeon)
Wands
 h - a wand of flame (21) (quivered)
   (You found it on level 3 of the Dungeon)
 w - a wand of charming (12)
   (You found it on level 5 of the Dungeon)
Scrolls
 a - a scroll of fear {unknown}
 c - a scroll of enchant armour {unknown}
 d - 3 scrolls of magic mapping {unknown}
 f - a scroll of identify {unknown}
 l - a scroll of noise {unknown}
 n - a scroll of blinking
 p - a scroll of enchant weapon {unknown}
 s - a scroll of teleportation {unknown}
 u - a scroll of holy word {unknown}
 x - a scroll of fog {unknown}
Potions
 b - a potion of curing {unknown}
 g - a potion of resistance {unknown}
 j - a potion of might {unknown}
 o - 2 potions of degeneration {unknown}
 q - a potion of heal wounds {unknown}
 r - a potion of haste {unknown}
 t - 2 potions of brilliance {unknown}
 v - a potion of lignification {unknown}


   Skills:
 + Level 4.6 Fighting
 + Level 2.5 Armour
 + Level 3.7 Dodging
 + Level 4.1 Stealth
 * Level 7.6 Unarmed Combat
 + Level 0.8 Evocations


You had 7 spell levels left.
You didn't know any spells.
Your spell library contained the following spells:

 Spells                   Type           Power      Damage    Failure   Level
 Sting                    Tmut/Pois      0%         1d3       65%         1
 Conjure Ball Lightning   Conj/Air       0%         3x3d6     100%        6
 Discord                  Hex            0%         N/A       100%        8
 Disjunction              Tloc           0%         N/A       100%        8


Dungeon Overview and Level Annotations

Branches:
Dungeon (6/15)             Temple (1/1) D:5

Altars:
Ashenzari
Cheibriados
Dithmenos
Elyvilon
Fedhas
Gozag
Hepliaklqana
Kikubaaqudgha
Makhleb
Nemelex Xobeh
Okawaru
Qazlal
Ru
Sif Muna
Trog
Uskayaw
Vehumet
Wu Jian
Xom
Yredelemnul
Zin
The Shining One

Shops:
D:4 =

Annotations:
D:4 3 runed translucent doors, 101zpm's ghost, amateur DjFE


Innate Abilities, Weirdness & Mutations

You thrive by killing the living.
You are immune to poison.
You have sharp fingernails.
Your flesh is cold resistant. (rC+)
You are immune to negative energy. (rN+++)
You do not regenerate when monsters are visible.
You are immune to unholy pain and torment.


Message History

An ogre is nearby!
The helpless ogre fails to defend itself.
You scratch the ogre. You claw the ogre! The ogre misses you.
You scratch the ogre.
The ogre hits you with a +0 giant spiked club!
You scratch the ogre. The ogre barely misses you.
You scratch the ogre.
You kill the ogre!
You feel better.
Your Stealth skill increases to level 4!
No target in view!
You see here a +0 giant spiked club.
You now have 188 gold pieces (gained 14).
A bullfrog zombie comes into view.
A bullfrog zombie is nearby!
A bullfrog zombie is nearby!
A bullfrog zombie is nearby!
The bullfrog zombie closely misses you.
You barely miss the bullfrog zombie. The bullfrog zombie closely misses you.
You claw the bullfrog zombie! The bullfrog zombie hits you.
You claw the bullfrog zombie!
The bullfrog zombie hits you but does no damage. x2
You claw the bullfrog zombie!
You destroy the bullfrog zombie!
No target in view!
A centaur zombie comes into view.
A centaur zombie is nearby!
A centaur zombie is nearby!
A howler monkey zombie comes into view.
Found a basalt altar of Yredelemnul.
The centaur zombie barely misses you. The centaur zombie closely misses you.
An orc priest comes into view. It is wielding a +0 trident.
The orc priest shouts!
You claw the centaur zombie!
An orc wizard comes into view. It is wielding a +0 dagger.
The centaur zombie hits you but does no damage.
The centaur zombie completely misses you.
The orc wizard shouts!
You scratch the centaur zombie but do no damage.
The centaur zombie barely misses you. The centaur zombie kicks you.
A killer bee zombie comes into view.
You scratch the centaur zombie.
The centaur zombie hits you but does no damage.
The centaur zombie kicks you.
You scratch the centaur zombie. The centaur zombie misses you.
The centaur zombie kicks you but does no damage.
You claw the centaur zombie! The centaur zombie hits you.
The centaur zombie kicks you but does no damage.
An orc comes into view. It is wielding a +0 dagger.
The orc shouts!
You scratch the centaur zombie. The centaur zombie barely misses you.
The centaur zombie kicks you.
A centaur zombie comes into view.
The centaur zombie misses you. The centaur zombie barely misses you.
You claw the centaur zombie!
You destroy the centaur zombie!
A killer bee zombie comes into view.
You have reached level 8!
Aim: an orc wizard, wielding a +0 dagger and wearing a +0 robe (chance to affect: 50%)
The orc wizard resists with some effort.
The orc wizard hits you with a +0 dagger.
A bullfrog skeleton comes into view.
The killer bee zombie closely misses you.
Aim: an orc wizard, wielding a +0 dagger and wearing a +0 robe (chance to affect: 50%)
The orc wizard is charmed.
The killer bee zombie hits you.
The howler monkey zombie closely misses your orc wizard.
The killer bee zombie hits you but does no damage.
Your orc wizard closely misses the killer bee zombie.
Something closely misses your orc wizard.
The orc priest hits your orc wizard with a +0 trident.
The killer bee zombie hits you but does no damage.
The killer bee zombie closely misses you.
You barely miss the killer bee zombie.
The killer bee zombie hits you but does no damage.
The killer bee zombie barely misses you.
You scratch the killer bee zombie.
The killer bee zombie hits you but does no damage.
You barely miss the killer bee zombie. The killer bee zombie hits you.
The centaur zombie hits you but does no damage.
The centaur zombie kicks you but does no damage.
The killer bee zombie hits you but does no damage.
You claw the killer bee zombie! The killer bee zombie hits you.
The centaur zombie hits you but does no damage.
The centaur zombie barely misses you.
The orc priest shouts!
You claw the killer bee zombie!
The killer bee zombie barely misses you.
The centaur zombie hits you but does no damage.
The centaur zombie kicks you but does no damage.
The killer bee zombie closely misses you.
You barely miss the killer bee zombie.
The killer bee zombie closely misses you.
The centaur zombie barely misses you.
The centaur zombie kicks you but does no damage.
The orc priest mumbles some strange prayers to Beogh against you.
Beogh smites you!
The killer bee zombie hits you but does no damage.
You claw the killer bee zombie!
You destroy the killer bee zombie!
The centaur zombie hits you. The centaur zombie barely misses you.
The orc priest misses you. The centaur zombie hits you.
The centaur zombie barely misses you.
The orc priest hits you with a +0 trident.
* * * LOW HITPOINT WARNING * * *
The bullfrog skeleton hits you.
* * * LOW HITPOINT WARNING * * *
The centaur zombie hits you.
* * * LOW HITPOINT WARNING * * *
The centaur zombie misses you.
The killer bee zombie barely misses you.
The orc priest hits you from afar with a +0 trident.
* * * LOW HITPOINT WARNING * * *
You scratch the killer bee zombie. The killer bee zombie hits you.
* * * LOW HITPOINT WARNING * * *
The centaur zombie hits you.
* * * LOW HITPOINT WARNING * * *
The centaur zombie kicks you but does no damage.
The orc priest barely misses you.
The killer bee zombie hits you but does no damage.
Blink to where?
As you read the scroll labelled TOKECZ URCHYAN, it crumbles to dust.
It was a scroll of blinking.
The teleport trap disappears.
The bullfrog skeleton disappears!
The killer bee zombie hits you.
* * * LOW HITPOINT WARNING * * *
The killer bee zombie closely misses you.
The killer bee zombie hits you.
* * * LOW HITPOINT WARNING * * *
The killer bee zombie barely misses you.
The killer bee zombie hits you but does no damage.
The killer bee zombie hits you.
* * * LOW HITPOINT WARNING * * *
The killer bee zombie hits you.
* * * LOW HITPOINT WARNING * * *
Okay, then.
Blink to where?
As you read the scroll of blinking, it crumbles to dust.
Blink to where?
As you read the scroll of blinking, it crumbles to dust.
Aim: a killer bee zombie (translocational energy, lightly damaged, 56% to hit)
The puff of flame hits the killer bee zombie!
Aim: a killer bee zombie (moderately damaged, 56% to hit)
The puff of flame hits the killer bee zombie.
Aim: a killer bee zombie (heavily damaged, 56% to hit)
The puff of flame misses the killer bee zombie.
Aim: a killer bee zombie (heavily damaged, 56% to hit)
The puff of flame hits the killer bee zombie.
The killer bee zombie hits you.
You die...

### ################.##
#..)...@Z.......#.#
#.##############Z#######
#.# #....Z..o #.#
######### #.# ## ####.#
#. #<...# #. #.#### #.
#.# #.


You could see a killer bee zombie.

Vanquished Creatures
  2 ogres
  A bullfrog (D:5)
  A scorpion (D:5)
  A centaur zombie (D:6)
  A bullfrog zombie (D:6)
  A centaur skeleton (D:3)
  3 hounds
  An orc priest (D:4)
  Natasha (D:2)
  An iguana (D:5)
  A killer bee zombie (D:6)
  A hound skeleton (D:5)
  Robin (D:4)
  11 gnolls
  4 adders
  A howler monkey skeleton (D:3)
  An ufetubus (D:5)
  An adder skeleton (D:4)
  2 worms (D:4)
  2 dart slugs
  10 orcs
  5 endoplasms
  3 giant cockroaches
  15 goblins
  9 hobgoblins
  3 jackals (D:3)
  10 kobolds
  5 quokkas
  5 ball pythons
  3 bats
  3 frilled lizards
  7 rats
116 creatures vanquished.

Vanquished Creatures (others)
  An orc wizard (D:6)
  5 fungi (D:1)
  A plant (D:1)
7 creatures vanquished.

Grand Total: 123 creatures vanquished

Notes
Turn   | Place    | Note
-------+----------+-------------------------------------------
     0 | D:1      | CryoSword the Ghoul Monk began the quest for the Orb.
     0 | D:1      | Reached XP level 1. HP: 19/19 MP: 0/0
   135 | D:1      | Reached XP level 2. HP: 23/26 MP: 1/1
   156 | D:1      | Reached skill level 4 in Unarmed Combat
   234 | D:1      | Found a faded altar of an unknown god.
   352 | D:1      | Got Plato's Disquisition on Moulding
   765 | D:1      | Reached XP level 3. HP: 31/31 MP: 2/2
  1254 | D:2      | Reached skill level 5 in Unarmed Combat
  1417 | D:2      | Reached XP level 4. HP: 34/38 MP: 3/3
  1537 | D:2      | Noticed Natasha
  1577 | D:2      | Killed Natasha
  2126 | D:3      | Reached skill level 6 in Unarmed Combat
  2126 | D:3      | Reached XP level 5. HP: 33/45 MP: 4/4
  3166 | D:4      | Reached skill level 1 in Armour
  3166 | D:4      | Reached XP level 6. HP: 48/51 MP: 5/5
  3310 | D:4      | Noticed Robin
  3340 | D:4      | Killed Robin
  3466 | D:4      | Found a runed translucent gate.
  3466 | D:4      | Found a runed translucent gate.
  3466 | D:4      | Found a runed translucent gate.
  3471 | D:4      | Noticed 101zpm's ghost (amateur DjFE)
  3588 | D:4      | Found Ceifor's Jewellery Emporium.
  3975 | D:4      | Reached XP level 7. HP: 59/59 MP: 6/6
  4178 | D:5      | Entered Level 5 of the Dungeon
  4200 | D:5      | Identified the +8 hand axe "Mud Pie of Death" {vorpal,
                  | Drain Will+++ Int+7}
  4362 | D:5      | Found a staircase to the Ecumenical Temple.
  4369 | Temple   | Entered the Ecumenical Temple
  4589 | Temple   | Became a worshipper of Ru the Awakened
  4724 | D:5      | Reached skill level 7 in Unarmed Combat
  5431 | D:6      | Found a basalt altar of Yredelemnul.
  5439 | D:6      | Reached XP level 8. HP: 59/67 MP: 7/7
  5460 | D:6      | HP: 3/67 [killer bee zombie (6)]
  5468 | D:6      | Slain by a killer bee zombie

Illustrated notes

Levels and vault maps discovered:
D:1:      dpeg_arrival_line_fractal, layout_loops_ring,
          shapermc_ecumenical_altar_rom_forum
D:2:      layout_basic, minmay_cupped, uniq_natasha
D:3:      layout_basic
D:4:      layout_basic, gammafunk_ghost_necromancy, serial_shops,
          nicolae_diamond_shop, nrook_loot_triangle, minmay_misc_feat_iff,
          minmay_misc_feat_hallway, uniq_robin
D:5:      layout_gridville, minmay_temple_entry_sparse_star
D:6:      layout_loops_ring, nicolae_yredelemnul_corpse_copse,
          kennysheep_generic_room_10, uniq_maggie, uniq_eustachio
Temple:   mainiacjoe_temple_archimedes_tessellation

Skill      XL: |  1  2  3  4  5  6  7 |
---------------+----------------------+-----
Unarmed Combat | 4 5 6 7 |  7.6
Armour         | 1 2 |  2.5
Dodging        | 3 |  3.7
Stealth        | 3 4 |  4.1
Fighting       | 4 |  4.6
Evocations     | |  0.8

Action                   |  1- 3 |  4- 6 |  7- 9 || total
-------------------------+-------+-------+-------++-------
Melee: Unarmed           |   117 |   180 |    68 ||   365
       Punch             |     2 |     8 |     3 ||    13
Invok: Reject Sacrifices |       |       |     1 ||     1
Evoke: Wand              |       |       |     6 ||     6
  Use: Scroll            |       |       |     3 ||     3
 Stab: Sleeping          |     3 |     2 |     2 ||     7
       Distracted        |       |     1 |       ||     1
Armor: Robe              |     8 |       |       ||     8
       Leather armour    |    10 |    13 |       ||    23
       Ring mail         |       |    15 |    27 ||    42
Dodge: Dodged            |    55 |    81 |    52 ||   188
